cohdb
Replays
Latest Replays
All Replays
Popular Replays
Top Player Replays
Match Explorer
How It Works
Community
CoH3 Stats
Reddit
Sign in to upload your games and track your stats! →
Sign in with Steam
Match 26078898
Unlisted
Match 26078898
Overview
Messages
Build Orders
End
Kettenkrad Recon Vehicle
Construct Infanterie Kompanie
Selects Mechanized Battlegroup
MG 42 Machine Gun Team
GrW 34 Mortar Team
Grenadier Squad
Construct Panzergrenadier Kompanie
251 Medium Carrier
Panzergrenadier Squad
Selects Raid Package
Pak 40 Anti-tank Gun Team
Sebazzz
dark.willow121
冲锋大哥
liuge101
anioki
SeobSol
SirHilaryManfat
taylor7155
0
0
Comments
sign in to comment!
No comments posted yet!